Map: Disco Bloodbath LE

Players

llllllllllll (Trap) - Winner!

  • Race: Protoss Protoss
  • League: Master
  • Spawn Location: 3:00

soul

  • Race: Terran Terran
  • League: Grandmaster
  • Spawn Location: 9:00

Event: HomeStory Cup XX

VOD

Have the link to the VOD?

Description

Time

  • Played on: Nov. 21, 2019, 5:14 a.m.
  • Length: 9:33

All games in this series

Show
View Real Time Build Order
Export as new Build Order

llllllllllll Protoss - Winner!

Build Orders: 1 Gate Expand, Oracle Opening 

Get SALT Encoding   

  12  0:00  Probe  
  13  0:12  Probe  
  14  0:17  Pylon  
  14  0:24  Probe  
  15  0:32  Probe  
  15  0:37  Gateway  
  15  0:40  Probe  
  16  0:45  Assimilator  
  17  0:51  Probe  
  18  1:03  Probe  
  19  1:15  Probe  
  20  1:23  Nexus  
  20  1:32  Cybernetics Core  
  20  1:35  Probe  
  21  1:42  Assimilator  
  21  1:47  Probe  
  21  1:52  Pylon  
  22  1:59  Probe  
  22  2:00  Adept  
  23  2:11  Probe  
  23  2:15  Stargate  
  26  2:23  Warp Gate, Probe  
  27  2:31  Probe x2  
  27  2:32  Stalker  
  31  2:39  Probe x2  
  32  2:49  Probe x2  
  32  2:52  Oracle  
  34  3:01  Probe x2  
  39  3:06  Pylon  
  39  3:13  Probe  
  39  3:14  Probe  
  41  3:22  Oracle  
  41  3:26  Probe x2  
  43  3:32  Gateway  
  46  3:34  Gateway  
  46  3:38  Probe x2  
  46  3:41  Stalker  
  50  3:50  Probe  
  52  4:00  Pylon x2  
  51  4:04  Oracle  
  54  4:15  Nexus  
  54  4:16  Probe x2  
  54  4:17  Pylon  
  54  4:21  Assimilator  
  54  4:22  Assimilator  
  54  4:28  Stalker  
  54  4:29  Stalker  
  54  4:31  Probe  
  59  4:40  Probe  
  59  4:43  Probe  
  60  4:50  Probe  
  60  4:51  Forge  
  60  4:52  Probe, Twilight Council  
  61  4:58  Probe  
  62  5:00  Probe, Robotics Facility  
  62  5:02  Pylon  
  62  5:07  Probe  
  64  5:10  Probe  
  66  5:18  Probe  
  66  5:19  Protoss Ground Armor Level 1  
  67  5:22  Probe  
  67  5:24  Probe  
  67  5:25  Gateway x2  
  67  5:27  Probe  
  69  5:30  Charge  
  69  5:32  Probe  
  69  5:34  Probe  
  71  5:36  Probe  
  73  5:42  Probe, Templar Archives  
  73  5:46  Probe  
  73  5:48  Observer  
  73  5:49  Pylon, Probe  
  77  5:54  Probe  
  77  5:55  Psionic Storm  
  78  5:58  Probe  
  78  6:01  Probe  
  78  6:03  Assimilator  
  80  6:06  Assimilator  
  80  6:07  Probe  
  80  6:09  Gateway  
  80  6:10  Probe, Gateway  
  82  6:12  Gateway  
  82  6:15  Probe  
  83  6:19  Probe  
  83  6:22  Probe  
  83  6:25  Pylon  
  85  6:26  Pylon  
  85  6:31  High Templar x2  
  85  6:32  Probe x2  
  91  6:35  Zealot x2  
  91  6:36  Sentry  
  97  6:40  Pylon  
  97  6:46  Nexus  
  97  6:47  Pylon  
  97  6:50  Photon Cannon  
  97  6:53  Pylon  
  97  6:55  Observer  
  97  7:00  Protoss Ground Weapons Level 1  
  98  7:02  High Templar  
  98  7:03  Zealot x3  
  98  7:04  High Templar, Zealot  
  98  7:05  Zealot  
  112  7:08  Zealot  
  112  7:11  Pylon  
  112  7:15  Warp Prism  
  113  7:27  High Templar x2  
  113  7:28  Zealot x3  
  113  7:29  Zealot  
  125  7:33  Gateway  
  125  7:35  Gateway  
  125  7:37  Gateway  
  125  7:41  Immortal  
  125  7:43  Sentry  
  127  7:44  Zealot  
  133  7:54  Shield Battery  
  133  7:57  Stalker x2  
  133  7:58  Stalker  
  139  7:59  Photon Cannon  
  139  8:11  Probe x4  
  143  8:15  Photon Cannon  
  143  8:18  High Templar x2  
  143  8:19  Zealot x3  
  151  8:22  Zealot  
  151  8:23  Archon  
  153  8:31  Zealot x5  
  161  8:40  Immortal  
  161  8:42  Pylon  
  161  8:43  Pylon  
  163  8:49  Photon Cannon  
  163  8:50  Pylon  
  163  9:01  High Templar x4, Zealot  
  163  9:02  Zealot x3  
  179  9:07  Pylon  
  179  9:08  Pylon  
  179  9:10  Archon x2  
  179  9:11  Zealot x2  
Show
View Real Time Build Order
Export as new Build Order

soul Terran 

Build Orders: Gas First Reaper Expand 

Get SALT Encoding   

  12  0:00  SCV  
  13  0:13  SCV  
  14  0:17  Supply Depot  
  14  0:25  SCV  
  15  0:30  Refinery  
  15  0:38  SCV  
  16  0:44  Barracks  
  16  0:50  SCV  
  17  1:02  SCV  
  18  1:14  SCV  
  19  1:31  Reaper  
  19  1:32  Orbital Command  
  20  1:45  Command Center  
  20  1:54  Factory  
  20  1:57  SCV  
  21  2:02  Refinery  
  21  2:08  Barracks Reactor  
  21  2:09  SCV  
  22  2:15  Supply Depot  
  22  2:21  SCV  
  23  2:37  SCV  
  23  2:38  Starport  
  23  2:42  Widow Mine  
  26  2:44  Marine x2  
  26  2:50  SCV  
  29  2:57  Orbital Command  
  29  3:02  Marine  
  29  3:03  Marine, SCV  
  32  3:06  Factory Tech Lab, Orbital Command  
  32  3:17  SCV  
  32  3:18  Supply Depot  
  33  3:20  Medivac  
  35  3:28  Marine x2  
  35  3:29  SCV  
  35  3:32  SCV  
  39  3:38  Siege Tank  
  42  3:42  SCV  
  42  3:44  SCV  
  44  3:49  Marine x2  
  44  3:54  SCV  
  46  3:57  SCV  
  46  4:06  SCV  
  46  4:09  SCV  
  48  4:10  Command Center  
  48  4:11  Marine  
  48  4:18  Marine, SCV  
  48  4:21  SCV  
  48  4:22  Supply Depot  
  51  4:30  SCV  
  52  4:33  SCV  
  52  4:38  Siege Tank  
  54  4:40  Viking  
  54  4:42  SCV  
  54  4:45  SCV  
  50  4:53  Marine x2  
  50  4:54  SCV  
  50  4:57  SCV  
  54  5:00  Bunker  
  54  5:06  SCV  
  54  5:07  Barracks  
  55  5:08  Barracks  
  55  5:09  SCV  
  53  5:18  SCV  
  54  5:21  SCV  
  54  5:24  Starport Reactor  
  55  5:30  Factory Tech Lab, Stimpack, SCV  
  55  5:31  Refinery x2, Marine  
  55  5:34  SCV  
  58  5:37  Engineering Bay  
  58  5:38  Engineering Bay  
  58  5:43  Orbital Command, SCV  
  58  5:46  SCV  
  60  5:52  Starport Reactor  
  60  5:55  SCV  
  57  5:58  SCV  
  57  6:03  Orbital Command  
  54  6:07  SCV  
  54  6:08  Marine x2  
  54  6:10  Factory Reactor, SCV  
  58  6:11  Combat Shield  
  58  6:14  Marine  
  58  6:18  Terran Infantry Weapons Level 1, Terran Infantry Armor Level 1  
  59  6:19  SCV  
  59  6:22  SCV  
  59  6:24  Marauder  
  63  6:27  Missile Turret  
  63  6:28  SCV  
  63  6:32  SCV  
  65  6:33  Missile Turret  
  65  6:34  SCV  
  65  6:35  Marine  
  67  6:40  Marine  
  67  6:41  Marauder  
  67  6:44  SCV  
  67  6:46  SCV  
  73  6:50  SCV  
  73  6:51  Supply Depot  
  73  6:53  Supply Depot  
  73  6:56  Medivac x2  
  73  7:00  Supply Depot  
  77  7:03  Supply Depot  
  77  7:09  Concussive Shells  
  77  7:12  Marine, SCV x3  
  81  7:16  Supply Depot  
  81  7:18  Supply Depot  
  81  7:19  Marine, Marauder  
  81  7:24  SCV x3  
  81  7:28  Marauder  
  86  7:30  Marine  
  86  7:34  Widow Mine x2  
  86  7:35  Medivac  
  86  7:36  Marine  
  86  7:37  SCV x3  
  96  7:41  Marauder  
  99  7:48  Marine  
  99  7:50  Marauder, Barracks, SCV  
  103  7:51  SCV, Barracks  
  103  7:57  SCV  
  103  8:01  Supply Depot  
  103  8:02  Supply Depot, SCV  
  103  8:05  Marine  
  105  8:06  Armory  
  105  8:10  Marine, SCV  
  105  8:11  Marauder  
  109  8:13  SCV  
  109  8:14  SCV  
  111  8:23  Marine  
  111  8:24  Marauder  
  114  8:28  Marine  
  114  8:29  SCV x2  
  114  8:32  Marauder  
  120  8:40  Barracks Tech Lab, Barracks Reactor  
  120  8:41  Marine  
  119  8:43  Widow Mine x2  
  119  8:45  SCV  
  119  8:46  Ghost Academy, SCV  
  119  8:47  SCV  
  127  8:53  Supply Depot  
  127  8:54  Marauder, Marine  
  127  8:55  Supply Depot  
  130  8:58  SCV x2  
  132  9:03  Marine x2, SCV  
  137  9:10  SCV x2  
  137  9:15  SCV  
Tags
 
Add a new tag
Caveats
  • Supply blocks, unpowered buildings, or Contaminate may cause inaccurate times.
  • Supply counts are checked every 10 seconds.